 Dungeon Crawl Stone Soup version 0.22-a0-848-ge9e22a0 (webtiles) character file.

42 Amnesiac the Digger (level 3, -1/24 HPs)
             Began as a Mummy Earth Elementalist on July 26, 2018.
             Was an Initiate of Vehumet.
             Slain by Robin
             ... wielding a +0 falchion
              (8 damage)
             ... on level 2 of the Dungeon.
             The game lasted 00:02:26 (1144 turns).

Amnesiac the Digger (Mummy Earth Elementalist)      Turns: 1144, Time: 00:02:26

Health: -1/24      AC:  2    Str: 11    XL:     3   Next: 33%
Magic:  0/7        EV: 12    Int: 15    God:    Vehumet [......]
Gold:   26         SH:  0    Dex: 12    Spells: 2/8 levels left

rFire    x . .     SeeInvis .   a - +1 dagger (speed)
rCold    + . .     Gourm    .   (no shield)
rNeg     + + +     Faith    .   c - +0 robe
rPois    ∞         Spirit   .   (no helmet)
rElec    .         Reflect  .   (no cloak)
rCorr    .         Harm     .   (no gloves)
MR       .....                  (no boots)
Stlth    ++........             (no amulet)
HPRegen  0.08/turn              (no ring)
MPRegen  0.10/turn              (no ring)

@: no status effects
A: no food or potions, fire vulnerability, cold resistance 1, negative energy
resistance 3, torment resistance, unbreathing
a: Renounce Religion


You were on level 2 of the Dungeon.
You worshipped Vehumet.
Vehumet was noncommittal.
You were not hungry.

You visited 2 branches of the dungeon, and saw 5 of its levels.

You collected 26 gold pieces.

Inventory:

Hand Weapons
 a - a +1 dagger of speed (weapon)
 e - a +0 whip
 f - a +0 flail
Missiles
 b - 27 stones (quivered)
Armour
 c - a +0 robe (worn)
 j - a +0 ring mail of cold resistance
 l - a +0 pair of gloves
Scrolls
 d - a scroll of teleportation {!r, unknown}
 g - a scroll of blinking {!r, unknown}
 h - a scroll of fog {!r, unknown}
 i - 4 scrolls of identify {!r, unknown}
 k - 2 scrolls of remove curse {!r, unknown}


   Skills:
 - Level 1.5 Dodging
 - Level 1.5 Stealth
 + Level 3.3 Spellcasting
 - Level 0.7 Transmutations
 * Level 3.4 Earth Magic


You had 2 spell levels left.
You knew the following spells:

 Your Spells              Type           Power        Failure   Level  Hunger
a - Sandblast             Erth           ##....       4%          1    N/A
b - Passwall              Tmut/Erth      #.......     13%         2    N/A
c - Stone Arrow           Conj/Erth      #.....       28%         3    N/A

Your spell library contained the following spells:

 Spells                   Type           Power        Failure   Level  Hunger
 Lee's Rapid Deconstruct  Erth           ##........   78%         5    N/A
 Petrify                  Tmut/Erth      #.......     63%         4    N/A

Dungeon Overview and Level Annotations

Branches:
Dungeon (4/15)             Temple (1/1) D:4

Altars:
Ashenzari
Cheibriados
Dithmenos
Elyvilon
Gozag
Hepliaklqana
Nemelex Xobeh
Okawaru
Qazlal
Ru
Sif Muna
Trog
Uskayaw
Vehumet
Xom
Yredelemnul
Zin
The Shining One

Annotations:
D:2 Robin


Innate Abilities, Weirdness & Mutations

You do not eat or drink.
Your flesh is vulnerable to fire.
You are immune to poison.
Your flesh is cold resistant. (rC+)
You are immune to negative energy. (rN+++)
You are immune to unholy pain and torment.
You can survive without breathing.


Message History

You don't know that spell.
Okay, then.
Unknown command.
Casting: Sandblast (safe; 4% risk of failure)
Confirm with . or Enter, or press ? or * to list all spells.
Aiming: Sandblast (safe; 4% risk of failure)
Press: ? - help, Shift-Dir - straight line, f - goblin
Aim: a goblin (unusually strong)
The blast of sand hits the goblin.
You kill the goblin!
Vehumet accepts your kill.
b - 31 stones The goblin no longer looks unusually strong.
Unknown command.
Casting: Sandblast (safe; 4% risk of failure)
Confirm with . or Enter, or press ? or * to list all spells.
Aiming: Sandblast (safe; 4% risk of failure)
Press: ? - help, Shift-Dir - straight line, f/p - goblin
Aim: a goblin The blast of sand hits the goblin.
You kill the goblin!
Vehumet accepts your kill.
b - 30 stones Robin shouts!
Unknown command.
Casting: Sandblast (safe; 4% risk of failure)
Confirm with . or Enter, or press ? or * to list all spells.
You don't have enough magic to cast that spell.
Robin says, "Kneel, worm!"
Casting: Sandblast (safe; 4% risk of failure)
Confirm with . or Enter, or press ? or * to list all spells.
Aiming: Sandblast (safe; 4% risk of failure)
Press: ? - help, Shift-Dir - straight line, f - Robin
Aim: Robin, wielding a falchion, wearing an animal skin and wearing a helmet (moderately wounded)
The blast of sand hits Robin.
Robin is heavily wounded.
b - 29 stones Robin misses you.
Unknown command.
Your magical contamination has completely faded away.
Casting: Sandblast (safe; 4% risk of failure)
Confirm with . or Enter, or press ? or * to list all spells.
You don't have enough magic to cast that spell.
There is a stone staircase leading down here.
You aren't carrying any items that you can evoke.
Unknown command.
Casting: Sandblast (safe; 4% risk of failure)
Confirm with . or Enter, or press ? or * to list all spells.
Aiming: Sandblast (safe; 4% risk of failure)
Press: ? - help, Shift-Dir - straight line, f/p - Robin
Aim: Robin, wielding a falchion, wearing an animal skin and wearing a helmet (heavily wounded)
The blast of sand hits Robin.
Robin is severely wounded.
b - 28 stones Robin misses you.
Casting: Sandblast (safe; 4% risk of failure)
Confirm with . or Enter, or press ? or * to list all spells.
Aiming: Sandblast (safe; 4% risk of failure)
Press: ? - help, Shift-Dir - straight line, f/p - Robin
Aim: Robin, wielding a falchion, wearing an animal skin and wearing a helmet (severely wounded)
The blast of sand misses Robin.
b - 27 stones Robin hits you with a falchion!
You die...

.....#%#####.....# #g#
.....#.##........# #g#
..........##.....# #.#
###..#.#####.....###.####
.....#.......####.......#
####.######### #.##.##..#
#.# #.##.. ...#
#.############.#### g.##
####..>........g@.#####..#
.......####...###........#
######.###.#.#.##.######)#
#.##.##.............#
#.###.#.#.##.####### #.#
##...###.# #.# ##...%..#
#.# ######## ######.#


You could see Robin.

Vanquished Creatures
  An ooze (D:2)
  2 worms (D:2)
  A leopard gecko (D:2)
  A giant cockroach (D:2)
  7 goblins (D:2)
  3 hobgoblins (D:2)
  2 jackals (D:1)
  2 kobolds
  A quokka (D:2)
  A ball python (D:3)
  3 bats (D:2)
  A frilled lizard (D:2)
  4 rats (D:2)
29 creatures vanquished.

Notes
Turn   | Place    | Note
-------+----------+-------------------------------------------
     0 | D:1      | Amnesiac the Mummy Earth Elementalist began the quest for the Orb.
     0 | D:1      | Reached XP level 1. HP: 13/13 MP: 4/4
   443 | D:2      | Reached XP level 2. HP: 11/19 MP: 3/5
   450 | D:2      | Learned a level 2 spell: Passwall
   643 | D:4      | Found a staircase to the Ecumenical Temple.
   652 | Temple   | Entered the Ecumenical Temple
   663 | Temple   | Became a worshipper of Vehumet
   703 | D:3      | Reached XP level 3. HP: 21/24 MP: 7/7
   708 | D:3      | Learned a level 3 spell: Stone Arrow
  1077 | D:2      | Noticed Robin
  1144 | D:2      | Slain by Robin

Vault maps used:
D:1:      dpeg_arrival_erosion, serial_co_window_serial, co_window_paths_a,
          co_window_of_opportunity_a, co_window_corner_a, co_window_cross_1,
          co_window_of_opportunity_a, co_window_paths_a,
          co_window_of_opportunity_a, co_window_unsneaky_path_c,
          co_window_of_opportunity_b, co_window_corner_b, co_window_broadway_c,
          glass_columns_a, glass_columns_c, glass_columns_a, glass_columns_c
D:2:      first_ration, uniq_robin
D:3:      chequers_ecumenical_altar_lobes, uniq_grinder
D:4:      lemuel_crystal_altar, temple_statues, serial_forest,
          infiniplex_forest_straight_2, infiniplex_forest_clump_long,
          infiniplex_forest_zigzag_2, infiniplex_forest_end_double,
          infiniplex_forest_clump_long, kennysheep_okawaru_gauntlet
Temple:   nicolae_temple_no_exploring_needed

Skill      XL: |  1  2 |
---------------+-------+-----
Earth Magic    | 3 |  3.4
Spellcasting   | 3 |  3.3
Dodging        | |  1.5
Stealth        | |  1.5
Transmutations | |  0.7

Action                   || total
-------------------------++-------
Melee: Unarmed           ||    11
       Flail             ||    13
       Whip              ||     6
       Dagger            ||    54
 Cast: Sandblast         ||    27
 Stab: Sleeping          ||     4
Armor: Robe              ||    20
Dodge: Dodged            ||    71

Table legend:
 A = Spawn XP
 B = Non-spawn XP
 C = Spawn XP percentage of total XP
 D = Spawn monster count
 E = Non-spawn monster count
 F = Spawn count percentage of total count
 G = Total turns spent on level
                    A         B        C        D         E        F      G
               +---------+---------+-------+---------+---------+-------+---------
         Total |       0 |      60 |   0.0 |       0 |      29 |   0.0 |  1144
               +---------+---------+-------+---------+---------+-------+---------
           D:1 |       0 |       6 |   0.0 |       0 |       3 |   0.0 |   142
           D:2 |       0 |      53 |   0.0 |       0 |      25 |   0.0 |   907
           D:3 |       0 |       1 |   0.0 |       0 |       1 |   0.0 |    47
               +---------+---------+-------+---------+---------+-------+---------
